 Dungeon Sprint DCSS version 0.23.2-30-g0e89c35649 (webtiles) character file.

Game seed: 10469636126499390707

9269 Kobolds4U the Warrior (level 11, -6/123 (124) HPs)
             Began as a Minotaur Berserker on June 14, 2019.
             Was the Champion of Trog.
             Mangled by a lorocyproca (15 damage)
             ... in the Dungeon (Sprint I: "Red Sonja").
             The game lasted 00:16:20 (3194 turns).

Kobolds4U the Warrior (Minotaur Berserker)          Turns: 3194, Time: 00:16:21

HP:   -6/123 (124)  AC: 16    Str: 21    XL:     11   Next: 20%
MP:   0/10          EV: 14    Int:  4    God:    Trog [******]
Gold: 90            SH:  0    Dex: 14    Spells: 10/10 levels left

rFire    . . .     SeeInvis .   b - +2 scimitar (elec)
rCold    . . .     Gourm    .   (no shield)
rNeg     . . .     Faith    .   w - +2 plate armour {rPois}
rPois    +         Spirit   .   u - +0 hat
rElec    .         Reflect  .   (no cloak)
rCorr    .         Harm     .   v - +0 pair of gloves
MR       ++...     NoTele   +   l - +1 pair of boots
Stlth    ..........             (no amulet)
HPRegen  1.30/turn              (no ring)
MPRegen  0.12/turn              (no ring)

@: regenerating
A: retaliatory headbutt, horns 2
a: Berserk, Trog's Hand, Brothers in Arms, Renounce Religion


You were in the Dungeon.
You worshipped Trog.
Trog was exalted by your worship.
You were not hungry.

You visited 1 branch You collected 1587 gold pieces.
You spent 1497 gold pieces at shops.

Inventory:

Hand Weapons
 a - a +5 great sword of slicing
 b - a +2 scimitar of electrocution (weapon)
 o - a +1 longbow of flaming
 p - a +4 battleaxe of chopping
 t - a +4 fustibalus of velocity
Missiles
 m - 3 poisoned javelins (quivered)
 q - 2 tomahawks of returning
Armour
 c - a +0 troll leather armour
 l - a +1 pair of boots (worn)
 r - a +3 chain mail of fire resistance
 s - quicksilver dragon scales
 u - a +0 hat (worn)
 v - a +0 pair of gloves (worn)
 w - a +2 plate armour of poison resistance (worn)
Jewellery
 x - an uncursed ring of protection from cold
Wands
 y - a wand of digging (6)
Scrolls
 i - a scroll of blinking
 k - a scroll of amnesia {unknown}
Potions
 d - 4 potions of curing
 e - 3 potions of heal wounds
 f - a potion of haste
 g - 2 potions of magic
 h - a potion of berserk rage
 n - a potion of lignification {unknown}
Comestibles
 j - 4 rations


   Skills:
 - Level 20.0 Fighting
 + Level 15.1 Long Blades
   Level 0.0 Polearms
 - Level 5.1 Throwing
 * Level 3.5 Armour
 - Level 16.4 Dodging
 + Level 1.0 Evocations


You had 10 spell levels left.
You didn't know any spells.
Your spell library was empty.

Dungeon Overview and Level Annotations

Branches:
Dungeon (1/1)

Altars:
Cheibriados
Dithmenos
Elyvilon
Fedhas
Gozag
Hepliaklqana
Kikubaaqudgha
Makhleb
Nemelex Xobeh
Okawaru
Qazlal
Ru
Sif Muna
Trog
Uskayaw
Vehumet
Wu Jian
Xom
Yredelemnul
Zin
The Shining One
Jiyva
Lugonu

Shops:
D *(:(((!=%==:*[}[!


Innate Abilities, Weirdness & Mutations

You reflexively headbutt those who attack you in melee.
You have a pair of horns on your head.


Message History

You closely miss something.
The meliai mumbles some strange prayers to its god against you.
Something smites you!
There is an open door here.
There is an open door here.
Which direction?
Something is blocking the doorway!
Something hits you!
* * * LOW HITPOINT WARNING * * *
You feel your power leaking away.
Your skin crawls.
You feel resistant to hostile enchantments.
You are near starving!
Something closely misses you.
You eat one of the 5 rations.
That ration really hit the spot!
Something barely misses you.
You slash something! Something hits you!!
* * * LOW HITPOINT WARNING * * *
You feel your power leaking away.
You closely miss something. You headbutt something. Something hits you!
You die...

###############################
..'..#__#..'.[.#((#§§.§)§§§§§§+
).#.('..'..#[..##'#§####§§..§##
####'#__####...§§§#§# ##...##
...#(####)§#####@§§§#+#$###+#
..##.#≈§§§§#§§##{####^.$#y#
#'#_.(§§≈.§'..#.^°.°#..$###
'..._#≈§§§.#..#..°°.'..$$$#
#_.#'##§#####'###.°°#^....#
##+#)#.§§(###.'.#.○°###++##
##.####'###.###.#°.##
'...((.[..'.∩##.#○.#
#.(.###########.##'#


There were no monsters in sight!

Vanquished Creatures
  2 centaur warriors (D)
  2 unseen horrors (D)
  A deep troll (D)
  A lindwurm (D)
  An oklob plant (D)
  A gargoyle (D)
  2 kobold demonologists (D)
  2 demonic crawlers (D)
  A hornet (D)
  A slime creature (D)
  2 redbacks (D)
  A yak (D)
  Sigmund (D)
  13 hogs (D)
  2 floating eyes (D)
  7 necrophages (D)
  An ogre (D)
  8 jellies (D)
  Ijyb (D)
  A ballistomycete (D)
51 creatures vanquished.

Vanquished Creatures (collateral kills)
  Sonja (D)
  2 demonic crawlers (D)
3 creatures vanquished.

Vanquished Creatures (others)
  A gargoyle (D)
  2 ballistomycete spores (D)
3 creatures vanquished.

Grand Total: 57 creatures vanquished

Notes
Turn   | Place    | Note
-------+----------+-------------------------------------------
     0 | D        | Kobolds4U the Minotaur Berserker began the quest for the
                  | Orb.
     0 | D        | Reached XP level 1. HP: 19/19 MP: 0/0
     1 | D        | Noticed Ijyb
     9 | D        | Killed Ijyb
     9 | D        | Reached skill level 5 in Long Blades
     9 | D        | Reached skill level 5 in Dodging
     9 | D        | Reached XP level 2. HP: 21/26 MP: 1/1
    68 | D        | Noticed an ogre
    71 | D        | Killed an ogre
    71 | D        | Reached XP level 3. HP: 31/31 MP: 2/2
    71 | D        | Reached XP level 4. HP: 39/39 MP: 3/3
    82 | D        | Killed a gargoyle
   111 | D        | Noticed Sigmund
   117 | D        | Killed Sigmund
   117 | D        | Reached ** piety under Trog
   117 | D        | Reached XP level 5. HP: 45/45 MP: 4/4
   130 | D        | Found an ornate altar of the Wu Jian Council.
   130 | D        | Found a deep blue altar of Sif Muna.
   132 | D        | Found a radiant altar of Vehumet.
   133 | D        | Reached XP level 6. HP: 51/51 MP: 5/5
   138 | D        | Found Zawacett's Antique Weapon Emporium.
   138 | D        | Found an ancient bone altar of Kikubaaqudgha.
   138 | D        | Found a hazy altar of Hepliaklqana.
   138 | D        | Found a stormy altar of Qazlal.
   138 | D        | Found a hide-covered altar of Uskayaw.
   138 | D        | Found a blossoming altar of Fedhas.
   138 | D        | Found a bloodstained altar of Trog.
   138 | D        | Found an iron altar of Okawaru.
   138 | D        | Found a basalt altar of Yredelemnul.
   138 | D        | Found a glowing golden altar of the Shining One.
   138 | D        | Found a snail-covered altar of Cheibriados.
   138 | D        | Found a sacrificial altar of Ru.
   138 | D        | Found a glowing silver altar of Zin.
   138 | D        | Found a shadowy altar of Dithmenos.
   138 | D        | Found a white marble altar of Elyvilon.
   138 | D        | Noticed a yak
   150 | D        | Killed a yak
   150 | D        | Reached skill level 10 in Long Blades
   151 | D        | Found an opulent altar of Gozag.
   152 | D        | Found a sparkling altar of Nemelex Xobeh.
   362 | D        | Found a burning altar of Makhleb.
   362 | D        | Found a viscous altar of Jiyva.
   362 | D        | Found a shimmering altar of Xom.
   362 | D        | Found a corrupted altar of Lugonu.
   362 | D        | Noticed a slime creature
   373 | D        | Killed a slime creature
   373 | D        | Reached *** piety under Trog
   373 | D        | Reached skill level 6 in Fighting
   373 | D        | Reached XP level 7. HP: 39/63 MP: 6/6
   503 | D        | Noticed a kobold demonologist
   503 | D        | Noticed a kobold demonologist
   506 | D        | Reached skill level 7 in Fighting
   507 | D        | Noticed a red devil
   508 | D        | Noticed a red devil
   509 | D        | Noticed a smoke demon
   515 | D        | Noticed a soul eater
   516 | D        | Killed a kobold demonologist
   516 | D        | Reached skill level 9 in Fighting
   519 | D        | Noticed an ice devil
   520 | D        | Killed a kobold demonologist
   520 | D        | Reached **** piety under Trog
   520 | D        | Received a gift from Trog
   520 | D        | Reached skill level 10 in Fighting
   520 | D        | Reached XP level 8. HP: 22/79 MP: 7/7
   854 | D        | Noticed a centaur warrior
   858 | D        | Noticed a centaur warrior
   873 | D        | Killed a centaur warrior
   873 | D        | Reached skill level 12 in Fighting
   873 | D        | Reached skill level 15 in Long Blades
  1120 | D        | Killed a centaur warrior
  1120 | D        | Reached skill level 14 in Fighting
  1120 | D        | Reached XP level 9. HP: 12/96 MP: 8/8
  1445 | D        | Paralysed by a hornet for 1 turns
  1447 | D        | Reached skill level 15 in Fighting
  1542 | D        | Noticed an oklob plant
  1885 | D        | Noticed a deep troll
  1895 | D        | Killed a deep troll
  1895 | D        | Reached skill level 16 in Fighting
  1921 | D        | Found Xawoklig's Armour Emporium.
  1928 | D        | Bought a +1 pair of boots for 138 gold pieces
  2015 | D        | Killed an oklob plant
  2015 | D        | Reached ***** piety under Trog
  2015 | D        | Reached skill level 17 in Fighting
  2144 | D        | Noticed a demonic crawler
  2144 | D        | Noticed a demonic crawler
  2144 | D        | Noticed a demonic crawler
  2144 | D        | Noticed a demonic crawler
  2154 | D        | Killed a demonic crawler
  2154 | D        | Reached skill level 1 in Throwing
  2154 | D        | Reached XP level 10. HP: 71/112 MP: 9/9
  2164 | D        | Reached skill level 18 in Fighting
  2183 | D        | Noticed a lindwurm
  2192 | D        | Killed a lindwurm
  2319 | D        | Received a gift from Trog
  2325 | D        | Reached skill level 5 in Throwing
  2342 | D        | Received a gift from Trog
  2342 | D        | Reached skill level 19 in Fighting
  2379 | D        | Got a warped halberd {god gift}
  2380 | D        | Identified the +5 halberd of Midnight {chop, rC+ rN+ Int+3}
                  | (Trog gifted it to you in the Dungeon)
  2495 | D        | Noticed Sonja
  2498 | D        | Killed Sonja
  2498 | D        | Reached skill level 15 in Dodging
  2514 | D        | Found Loesk's General Store.
  2524 | D        | Bought a potion of heal wounds for 70 gold pieces
  2693 | D        | Killed an unseen horror
  2709 | D        | Killed an unseen horror
  2709 | D        | Received a gift from Trog
  2709 | D        | Reached XP level 11. HP: 95/124 MP: 10/10
  2800 | D        | Received a gift from Trog
  2862 | D        | Reached ****** piety under Trog
  2864 | D        | Received a gift from Trog
  2866 | D        | Reached skill level 20 in Fighting
  2911 | D        | Found Titufal's Weapon Shoppe.
  2911 | D        | Found Luejarig's Book Shop.
  2911 | D        | Found Fetielil's Weapon Boutique.
  2913 | D        | Found Xook Fyu's Weapon Emporium.
  2913 | D        | Found Pajirch's Distillery.
  2913 | D        | Found Ugri's Jewellery Shoppe.
  2913 | D        | Found Gupoinoch's Food Boutique.
  2913 | D        | Found Eheidatz's Jewellery Emporium.
  2913 | D        | Found Keikkupt's Jewellery Shop.
  2913 | D        | Found Onytuci's Book Shoppe.
  2922 | D        | Found Geuram's Assorted Antiques.
  2923 | D        | Found Geobis's Gadget Emporium.
  2923 | D        | Found Agigaiv's Armour Boutique.
  2924 | D        | Bought a potion of degeneration for 13 gold pieces
  2925 | D        | Found Hanum's Distillery.
  2935 | D        | Bought a +0 hat for 48 gold pieces
  2935 | D        | Bought a +0 pair of gloves for 54 gold pieces
  3042 | D        | Bought a +2 plate armour of poison resistance for 444 gold
                  | pieces
  3086 | D        | Bought an uncursed ring of protection from cold for 300
                  | gold pieces
  3089 | D        | Bought a wand of digging (6) for 280 gold pieces
  3097 | D        | Bought a ration for 50 gold pieces
  3097 | D        | Bought a ration for 50 gold pieces
  3097 | D        | Bought a ration for 50 gold pieces
  3152 | D        | Reached skill level 1 in Evocations
  3194 | D        | Mangled by a lorocyproca

Skill      XL: |  1  2  3  4  5  6  7  8  9 10 11 |
---------------+----------------------------------+-----
Long Blades    | 5 7 9 11 13 15 | 15.1
Dodging        | 5 8 11 12 15 16 | 16.4
Fighting       | 6 10 14 17 19 20 | 20.0
Throwing       | 1 5 |  5.1
Armour         | 3 |  3.5
Evocations     | 1 |  1.0

Action                   |  1- 3 |  4- 6 |  7- 9 | 10-12 || total
-------------------------+-------+-------+-------+-------++-------
Melee: Falchion          |     9 |    27 |    74 |    33 ||   143
       Headbutt          |     3 |     7 |    22 |    40 ||    72
       Scimitar          |       |       |       |    57 ||    57
       Great sword       |       |       |       |    26 ||    26
Invok: Berserk           |     1 |       |     2 |       ||     3
       Brothers in Arms  |       |       |     1 |     1 ||     2
       Trog's Hand       |       |       |       |     1 ||     1
 Stab: Distracted        |       |       |       |     1 ||     1
  Eat: Ration            |       |       |     1 |     1 ||     2
       Chunk             |       |       |     3 |     3 ||     6
Armor: Leather armour    |       |     2 |     5 |       ||     7
       Troll leather arm |       |       |     4 |    20 ||    24
       Plate armour      |       |       |       |     2 ||     2
Dodge: Dodged            |     7 |    12 |    66 |    98 ||   183
       Rpst.: Falchion   |     1 |     4 |    14 |     2 ||    21
       Scimitar          |       |       |       |     8 ||     8
       Great sword       |       |       |       |     6 ||     6
